Monsters vs Islanders

Created - 26 octobre 2023 at 18:33

Goals
1 2 3 T
Monsters 1 1 1 3
Islanders 0 0 0 0
Shots
1 2 3 T
Monsters 5 4 15 24
Islanders 7 0 11 18

GoalsPenalties
1st period
1. Monsters , Dylan Guenther 11 (Cole Smith 18, Riley Nash 14) at 13:09 (PP)
Seth Helgeson (NYI) for Hooking (Minor) at 12:37
2nd period
2. Monsters , Cole Smith 12 (Riley Nash 15) at 9:29 (PP)
Seth Helgeson (NYI) for Hooking (Minor) at 9:23
3rd period
3. Monsters , Cole Smith 13 (Jack Studnicka 8) at 15:01
Seth Helgeson (NYI) for Fighting (Major) at 0:07
Nick Perbix (CLB) for Fighting (Major) at 0:07
Brandon Gignac (NYI) for Hooking (Minor) at 8:50
Cole Smith (CLB) for Hooking (Minor) at 15:49
Goalie Stats
Brian Elliott (CLB), 18 saves from 18 shots - (1,000), W, 14-10-3, 60:00 minutes
Hugo Alnefelt (NYI), 21 saves from 24 shots - (0,875), L, 10-14-2, 60:00 minutes
3 StarsOfficial
1 - Cole Smith (CLB)
2 - Brian Elliott (CLB)
3 - Dylan Guenther (CLB)
Referees : Cianna Lieffers and Lacey Senuk
Linesman : Anna Hammar and Derek Nansen
Game Note
Nick Perbix beats up Seth Helgeson at 0:07 of 3rd period



Team Name Goals Shots Shots Attemp Shots Blocked PIM HIT PP PK FO%
Monsters 32452107332 / 3 (67%)051%
Islanders 018381211160 / 1 (0%)249%

Monsters
Player Name POS G A P +/- PIM HIT SHT SB MP PP MP PP SHT PK MP PK SHT FO% FOT GA TA
Aleksi HeponiemiC/LW0000022016:040:0401:050100% 100
Cole SmithLW/RW2131255123:041:3220:00067% 310
Connor ZaryC000001006:300:3300:0000% 000
Dylan GuentherRW1010042121:401:4010:0000% 100
Gabriel FortierLW0000020016:140:0000:1100% 000
Jack AhcanD0001011021:380:3100:0000% 000
Jack StudnickaC/RW0111022118:550:5600:48057% 720
Jacob LarssonD0001010117:330:0400:4500% 000
Joe SnivelyLW000001004:070:3400:4300% 000
Kris RussellD0000011327:492:0201:1400% 001
Marco RossiC0000062014:330:0000:00067% 600
Matthew PhillipsC0000011116:090:0000:06033% 610
Mikko KokkonenD000000005:360:0000:0000% 000
Nick PerbixD0000503023:551:4311:1400% 000
Riley NashC0220004222:561:3631:05047% 1700
Ryan DzingelC/LW/RW0001011017:480:5600:0000% 000
Spencer StastneyD000000001:460:0000:0000% 000
Wyatt KalynukD0000050021:420:5400:4500% 000
Islanders
Player Name POS G A P +/- PIM HIT SHT SB MP PP MP PP SHT PK MP PK SHT FO% FOT GA TA
Alexander NylanderC/LW/RW0000014121:071:0900:00030% 2010
Brandon GignacLW0000200010:071:0000:0000% 000
Cole CasselsC0000021119:490:4700:44083% 600
Grigori DenisenkoLW/RW0000011016:080:4900:2410% 000
Hayden HodgsonRW000000005:350:1400:000100% 100
Jack DoughertyD000-1010218:501:1601:3500% 000
Jackson CatesC000000001:100:0000:0000% 000
Jakub GalvasD000-1012019:430:0400:1900% 000
Jordy BelleriveC000-1011018:580:0300:2400% 100
Libor HajekD0000021223:090:0400:3800% 001
Matt CoronatoRW000-1032124:300:4101:29040% 500
Mitchell Vande SompelD0000000128:031:1301:4000% 001
Ryan SchmelzerC000-1003016:110:0000:0000% 000
Seth BartonD000000005:100:0000:0000% 000
Seth HelgesonD0000902323:591:2101:0200% 002
Steven FogartyC/RW0000031124:200:5601:29075% 800
Taro HiroseLW000000003:080:1800:4400% 000
Tyler MaddenC0000010017:220:0000:0000% 000

Monsters

5 vs 5 Forward
Line #Left WingCenterRight WingPHYDFOFWanted %Time %Time Play
1Cole SmithRiley NashDylan Guenther1224014%7:56
2Ryan DzingelJack StudnickaCole Smith1223030%16:52
3Gabriel FortierMatthew PhillipsRiley Nash1222029%16:03
4Aleksi HeponiemiMarco RossiDylan Guenther1221026%14:33
5 vs 5 Defense
Line #DefenseDefensePHYDFOFWanted %Time %Time Play
1Nick PerbixKris Russell1224036%19:50
2Kris RussellWyatt Kalynuk1223029%16:00
3Jack AhcanNick Perbix1222025%13:52
4Nick PerbixWyatt Kalynuk1221010%5:42
Power Play Forward
Line #Left WingCenterRight WingPHYDFOFWanted %Time %Time Play
1Cole SmithRiley NashDylan Guenther1226064%1:41
2Ryan DzingelJack StudnickaCole Smith1224036%0:56
Power Play Defense
Line #DefenseDefensePHYDFOFWanted %Time %Time Play
1Nick PerbixKris Russell1226066%1:43
2Kris RussellWyatt Kalynuk1224034%0:54
Penalty Kill 4 Players Forward
Line #CenterWingPHYDFOFWanted %Time %Time Play
1Cole SmithRiley Nash12260100%1:59
2Dylan GuentherJack Studnicka122400%0:00
Penalty Kill 4 Players Defense
Line #DefenseDefensePHYDFOFWanted %Time %Time Play
1Nick PerbixKris Russell1226062%1:14
2Kris RussellWyatt Kalynuk1224038%0:45
Penalty Kill 3 Players
Line #WingPHYDFOFWanted %Time %Time PlayDefenseDefensePHYDFOFWanted %Time %Time Play
1Cole Smith122600%0:00 Nick PerbixKris Russell122600%0:00
2Riley Nash122400%0:00 Kris RussellWyatt Kalynuk122400%0:00
4 vs 4 Forward
Line #CenterWingPHYDFOFWanted %Time %Time Play
1Cole SmithRiley Nash122600%0:00
2Dylan GuentherJack Studnicka122400%0:00
4 vs 4 Defense
Line #DefensePHYDFOFWanted %Time %Time Play
1Nick PerbixKris Russell122600%0:00
2Kris RussellWyatt Kalynuk122400%0:00
Last Minutes Offensive
Left WingCenterRight WingDefenseDefense
Cole SmithRiley NashDylan GuentherNick PerbixKris Russell
Last Minutes Defensive
Left WingCenterRight WingDefenseDefense
Cole SmithRiley NashDylan GuentherNick PerbixKris Russell
Time
Total ForwardTotal DefenseLast Minutes OffensiveLast Minutes Defensive
60:00 60:00 0:000:00
Extra Forwards
Normal PowerPlayPenalty Kill
Connor Zary, Joe Snively, Cole SmithConnor Zary, Joe SnivelyCole Smith
Extra Defensemen
Normal PowerPlayPenalty Kill
Jack Ahcan, Nick Perbix, Kris RussellJack Ahcan, Nick PerbixKris Russell
Penalty Shots
Cole Smith, Riley Nash, Dylan Guenther, Jack Studnicka, Matthew Phillips
Goalie
Brian Elliott, Alex Stalock
Scratches
Clark Bishop (Healthy), Ian Mitchell (Healthy), Jonathan Gruden (Healthy), Alex Beaucage (Healthy), Artemi Kniazev (Healthy) Ivan Lodnia (Healthy), Nathan Legare (Healthy), Alexander Pashin (Healthy), Blake McLaughlin (Healthy), Blake Murray (Healthy) Carter Savoie (Healthy), Mitchell Hoelscher (Healthy), Topi Niemelä (Healthy), Xavier Bouchard (Healthy), Troy Grosenick (Healthy) Joseph Woll (Healthy), Jonathan Bernier (Healthy), Braden Holtby (Healthy), Jesper Wallstedt (Healthy)

Islanders

5 vs 5 Forward
Line #Left WingCenterRight WingPHYDFOFWanted %Time %Time Play
1Matt CoronatoAlexander NylanderSteven Fogarty1224032%17:40
2Cole CasselsSteven FogartyMatt Coronato1223020%11:18
3Ryan SchmelzerSteven FogartyMatt Coronato1222021%11:35
4Tyler MaddenSteven FogartyJordy Bellerive1221027%14:51
5 vs 5 Defense
Line #DefenseDefensePHYDFOFWanted %Time %Time Play
1Seth HelgesonMitchell Vande Sompel1224031%17:21
2Mitchell Vande SompelLibor Hajek1223028%15:40
3Seth HelgesonJakub Galvas1222026%14:20
4Seth HelgesonJack Dougherty1221015%8:03
Power Play Forward
Line #Left WingCenterRight WingPHYDFOFWanted %Time %Time Play
1Matt CoronatoAlexander NylanderSteven Fogarty12260100%1:59
2Matt CoronatoAlexander NylanderSteven Fogarty122400%0:00
Power Play Defense
Line #DefenseDefensePHYDFOFWanted %Time %Time Play
1Seth HelgesonMitchell Vande Sompel12260100%1:59
2Mitchell Vande SompelSeth Helgeson122400%0:00
Penalty Kill 4 Players Forward
Line #CenterWingPHYDFOFWanted %Time %Time Play
1Matt CoronatoSteven Fogarty12260100%2:37
2Steven FogartyMatt Coronato122400%0:00
Penalty Kill 4 Players Defense
Line #DefenseDefensePHYDFOFWanted %Time %Time Play
1Seth HelgesonMitchell Vande Sompel1226071%1:51
2Seth HelgesonJack Dougherty1224029%0:46
Penalty Kill 3 Players
Line #WingPHYDFOFWanted %Time %Time PlayDefenseDefensePHYDFOFWanted %Time %Time Play
1Steven Fogarty122600%0:00 Seth HelgesonMitchell Vande Sompel122600%0:00
2Steven Fogarty122400%0:00 Jakub GalvasSeth Helgeson122400%0:00
4 vs 4 Forward
Line #CenterWingPHYDFOFWanted %Time %Time Play
1Matt CoronatoSteven Fogarty122600%0:00
2Steven FogartyMatt Coronato122400%0:00
4 vs 4 Defense
Line #DefensePHYDFOFWanted %Time %Time Play
1Mitchell Vande SompelSeth Helgeson122600%0:00
2Libor HajekSeth Helgeson122400%0:00
Last Minutes Offensive
Left WingCenterRight WingDefenseDefense
Matt CoronatoAlexander NylanderSteven FogartySeth HelgesonMitchell Vande Sompel
Last Minutes Defensive
Left WingCenterRight WingDefenseDefense
Matt CoronatoAlexander NylanderSteven FogartySeth HelgesonMitchell Vande Sompel
Time
Total ForwardTotal DefenseLast Minutes OffensiveLast Minutes Defensive
60:00 60:00 0:000:00
Extra Forwards
Normal PowerPlayPenalty Kill
Steven Fogarty, Alexander Nylander, Matt CoronatoMatt Coronato, Steven FogartySteven Fogarty
Extra Defensemen
Normal PowerPlayPenalty Kill
Seth Helgeson, Libor Hajek, Jakub GalvasSeth Helgeson, Seth HelgesonMitchell Vande Sompel
Penalty Shots
Alexander Nylander, Matt Coronato, Steven Fogarty, Ryan Schmelzer, Cole Cassels
Goalie
Hugo Alnefelt, Dennis Hildeby
Scratches
Brent Gates Jr. (Healthy), Dmitry Osipov (Healthy), John Moore (Healthy), Kody Clark (Healthy), Matthew Strome (Healthy) Brendan Warren (Healthy), Cameron Hillis (Healthy), Cedric Lacroix (Healthy), David Farrance (Left Knee Injury), Henri Nikkanen (Healthy) Hunter Jones (Healthy)


Play-by-Play

1st period


0:01 of 1st period - Riley Nash wins face-off versus Alexander Nylander in neutral zone.
0:08 of 1st period - Snap shot by Dylan Guenther.
0:08 of 1st period - Shot Blocked by Matt Coronato.
0:14 of 1st period - Riley Nash is hit by Matt Coronato and loses puck.
0:56 of 1st period - Aleksi Heponiemi is hit by Jordy Bellerive and loses puck.
1:17 of 1st period - Cole Cassels is hit by Cole Smith and loses puck.
8:45 of 1st period - Jack Dougherty is hit by Joe Snively and loses puck.
9:16 of 1st period - Ryan Schmelzer is hit by Gabriel Fortier and loses puck.
12:24 of 1st period - Icing by Ryan Dzingel.
12:25 of 1st period - Marco Rossi wins face-off versus Steven Fogarty in Monsters zone.
12:25 of 1st period - Marco Rossi is hit by Matt Coronato.
12:37 of 1st period - Minor Penalty to Seth Helgeson for Hooking.
12:38 of 1st period - Matt Coronato wins face-off versus Riley Nash in Islanders zone.
12:45 of 1st period - Slapshot by Steven Fogarty.
12:45 of 1st period - Shot Misses the Net.
12:51 of 1st period - Wrist shot by Nick Perbix.
12:51 of 1st period - Stopped by Hugo Alnefelt with a rebound.
12:53 of 1st period - Wrist shot by Riley Nash.
12:53 of 1st period - Stopped by Hugo Alnefelt without a rebound.
12:54 of 1st period - Riley Nash wins face-off versus Matt Coronato in Islanders zone.
13:09 of 1st period - Wrist shot by Cole Smith.
13:09 of 1st period - Deflect By Dylan Guenther.
13:09 of 1st period - Goal by Dylan Guenther - Monsters : 1 - Islanders : 0.
13:10 of 1st period - Alexander Nylander wins face-off versus Riley Nash in neutral zone.
13:13 of 1st period - Snap shot by Matt Coronato.
13:13 of 1st period - Stopped by Brian Elliott without a rebound.
13:14 of 1st period - Riley Nash wins face-off versus Alexander Nylander in Monsters zone.
13:18 of 1st period - Off-side.
13:19 of 1st period - Matt Coronato wins face-off versus Riley Nash in neutral zone.
13:34 of 1st period - Wrist shot by Steven Fogarty.
13:34 of 1st period - Stopped by Brian Elliott with a rebound.
13:36 of 1st period - Slapshot by Seth Helgeson.
13:36 of 1st period - Shot Misses the Net.
13:38 of 1st period - Backhand shot by Seth Helgeson.
13:38 of 1st period - Stopped by Brian Elliott without a rebound.
13:39 of 1st period - Steven Fogarty wins face-off versus Riley Nash in Monsters zone.
13:48 of 1st period - Wrist shot by Steven Fogarty.
13:48 of 1st period - Shot Blocked by Dylan Guenther.
13:50 of 1st period - Slapshot by Libor Hajek.
13:50 of 1st period - Shot Misses the Net.
14:02 of 1st period - Libor Hajek is hit by Cole Smith and loses puck.
14:35 of 1st period - Slapshot by Marco Rossi.
14:35 of 1st period - Stopped by Hugo Alnefelt without a rebound.
14:36 of 1st period - Alexander Nylander wins face-off versus Marco Rossi in Islanders zone.
14:56 of 1st period - Cole Cassels is hit by Jack Studnicka and loses puck.
15:19 of 1st period - Wrist shot by Nick Perbix.
15:19 of 1st period - Shot Misses the Net.
15:33 of 1st period - Jordy Bellerive is hit by Dylan Guenther and loses puck.
15:37 of 1st period - Icing by Jordy Bellerive.
15:38 of 1st period - Cole Cassels wins face-off versus Dylan Guenther in Islanders zone.
15:54 of 1st period - Icing by Cole Smith.
15:55 of 1st period - Alexander Nylander wins face-off versus Riley Nash in Monsters zone.
15:56 of 1st period - Wrist shot by Matt Coronato.
15:56 of 1st period - Shot Blocked by Cole Smith.
15:58 of 1st period - Wrist shot by Steven Fogarty.
15:58 of 1st period - Shot Misses the Net.
16:00 of 1st period - Snap shot by Alexander Nylander.
16:00 of 1st period - Stopped by Brian Elliott with a rebound.
16:02 of 1st period - Slapshot by Seth Helgeson.
16:02 of 1st period - Shot Blocked by Kris Russell.
16:04 of 1st period - Wrist shot by Alexander Nylander.
16:04 of 1st period - Stopped by Brian Elliott with a rebound.
16:06 of 1st period - Snap shot by Matt Coronato.
16:06 of 1st period - Shot Blocked by Riley Nash.
16:08 of 1st period - Slapshot by Seth Helgeson.
16:08 of 1st period - Stopped by Brian Elliott with a rebound.
16:38 of 1st period - Backhand shot by Alexander Nylander.
16:38 of 1st period - Stopped by Brian Elliott without a rebound.
16:39 of 1st period - Marco Rossi wins face-off versus Alexander Nylander in Monsters zone.
16:44 of 1st period - Wrist shot by Aleksi Heponiemi.
16:44 of 1st period - Stopped by Hugo Alnefelt without a rebound.
16:45 of 1st period - Marco Rossi wins face-off versus Alexander Nylander in Islanders zone.
16:50 of 1st period - Wrist shot by Dylan Guenther.
16:50 of 1st period - Shot Misses the Net.
16:52 of 1st period - Snap shot by Aleksi Heponiemi.
16:52 of 1st period - Shot Misses the Net.
16:54 of 1st period - Slapshot by Nick Perbix.
16:54 of 1st period - Shot Misses the Net.
17:28 of 1st period - Wrist shot by Matt Coronato.
17:28 of 1st period - Shot Misses the Net.
17:57 of 1st period - Slapshot by Wyatt Kalynuk.
17:57 of 1st period - Shot Misses the Net.
18:24 of 1st period - Grigori Denisenko is hit by Gabriel Fortier and loses puck.
18:56 of 1st period - Jakub Galvas is hit by Cole Smith and loses puck.
19:49 of 1st period - Seth Helgeson is hit by Aleksi Heponiemi and loses puck.
Goals for this period are 1 for Monsters vs 0 for Islanders.
Shots for this period are 5 for Monsters vs 7 for Islanders.

2nd period


0:01 of 2nd period - Riley Nash wins face-off versus Steven Fogarty in neutral zone.
0:47 of 2nd period - Kris Russell is hit by Grigori Denisenko.
1:11 of 2nd period - Wrist shot by Jack Studnicka.
1:11 of 2nd period - Stopped by Hugo Alnefelt without a rebound.
1:12 of 2nd period - Alexander Nylander wins face-off versus Jack Studnicka in Islanders zone.
1:49 of 2nd period - Alexander Nylander is hit by Dylan Guenther and loses puck.
2:00 of 2nd period - Jack Studnicka is hit by Cole Cassels and loses puck.
2:59 of 2nd period - Kris Russell is hit by Jack Dougherty and loses puck.
4:25 of 2nd period - Icing by Ryan Schmelzer.
4:26 of 2nd period - Marco Rossi wins face-off versus Jordy Bellerive in Islanders zone.
5:08 of 2nd period - Libor Hajek is hit by Marco Rossi.
5:32 of 2nd period - Tyler Madden is hit by Jack Studnicka.
5:42 of 2nd period - Jakub Galvas is hit by Matthew Phillips and loses puck.
6:07 of 2nd period - Gabriel Fortier is hit by Tyler Madden and loses puck.
6:20 of 2nd period - Jakub Galvas is hit by Dylan Guenther and loses puck.
6:56 of 2nd period - Icing by Cole Smith.
6:57 of 2nd period - Jack Studnicka wins face-off versus Alexander Nylander in Monsters zone.
7:02 of 2nd period - Grigori Denisenko is hit by Wyatt Kalynuk and loses puck.
7:37 of 2nd period - Matt Coronato is hit by Wyatt Kalynuk and loses puck.
7:48 of 2nd period - Mitchell Vande Sompel is hit by Wyatt Kalynuk and loses puck.
8:15 of 2nd period - Jack Dougherty is hit by Marco Rossi and loses puck.
8:41 of 2nd period - Icing by Jacob Larsson.
8:42 of 2nd period - Hayden Hodgson wins face-off versus Matthew Phillips in Monsters zone.
9:17 of 2nd period - Slapshot by Dylan Guenther.
9:17 of 2nd period - Stopped by Hugo Alnefelt with a rebound.
9:23 of 2nd period - Minor Penalty to Seth Helgeson for Hooking.
9:24 of 2nd period - Riley Nash wins face-off versus Matt Coronato in Islanders zone.
9:27 of 2nd period - Slapshot by Cole Smith.
9:27 of 2nd period - Deflect By Riley Nash.
9:27 of 2nd period - Stopped by Hugo Alnefelt with a rebound.
9:29 of 2nd period - Slapshot by Cole Smith.
9:29 of 2nd period - Goal by Cole Smith - Monsters : 2 - Islanders : 0.
9:30 of 2nd period - Steven Fogarty wins face-off versus Riley Nash in neutral zone.
10:33 of 2nd period - Icing by Seth Helgeson.
10:34 of 2nd period - Steven Fogarty wins face-off versus Marco Rossi in Islanders zone.
10:58 of 2nd period - Snap shot by Alexander Nylander.
10:58 of 2nd period - Shot Misses the Net.
12:16 of 2nd period - Libor Hajek is hit by Marco Rossi.
13:21 of 2nd period - Matt Coronato is hit by Marco Rossi and loses puck.
14:27 of 2nd period - Cole Smith is hit by Steven Fogarty and loses puck.
16:44 of 2nd period - Jack Ahcan is hit by Cole Cassels.
17:57 of 2nd period - Seth Helgeson is hit by Connor Zary.
18:07 of 2nd period - Mikko Kokkonen is hit by Libor Hajek and loses puck.
19:38 of 2nd period - Jack Dougherty is hit by Marco Rossi and loses puck.
Goals for this period are 1 for Monsters vs 0 for Islanders.
Shots for this period are 4 for Monsters vs 0 for Islanders.

3rd period


0:01 of 3rd period - Riley Nash wins face-off versus Alexander Nylander in neutral zone.
0:07 of 3rd period - Nick Perbix beats up Seth Helgeson.
0:07 of 3rd period - Penalty to Seth Helgeson for Fighting.
0:07 of 3rd period - Penalty to Nick Perbix for Fighting.
0:08 of 3rd period - Alexander Nylander wins face-off versus Riley Nash in Islanders zone.
0:13 of 3rd period - Wrist shot by Matt Coronato.
0:13 of 3rd period - Stopped by Brian Elliott without a rebound.
0:14 of 3rd period - Riley Nash wins face-off versus Alexander Nylander in Monsters zone.
0:27 of 3rd period - Wrist shot by Riley Nash.
0:27 of 3rd period - Shot Misses the Net.
0:33 of 3rd period - Matt Coronato is hit by Dylan Guenther and loses puck.
0:52 of 3rd period - Slapshot by Riley Nash.
0:52 of 3rd period - Shot Misses the Net.
0:59 of 3rd period - Icing by Mitchell Vande Sompel.
1:00 of 3rd period - Alexander Nylander wins face-off versus Jack Studnicka in Islanders zone.
1:07 of 3rd period - Jack Studnicka is hit by Libor Hajek.
1:39 of 3rd period - Marco Rossi is hit by Steven Fogarty.
2:07 of 3rd period - Off-side.
2:08 of 3rd period - Cole Cassels wins face-off versus Jack Studnicka in neutral zone.
2:24 of 3rd period - Icing by Jordy Bellerive.
2:25 of 3rd period - Cole Cassels wins face-off versus Matthew Phillips in Islanders zone.
2:38 of 3rd period - Wrist shot by Riley Nash.
2:38 of 3rd period - Shot Blocked by Jack Dougherty.
2:40 of 3rd period - Wrist shot by Matthew Phillips.
2:40 of 3rd period - Shot Blocked by Cole Cassels.
2:47 of 3rd period - Icing by Jordy Bellerive.
2:48 of 3rd period - Cole Cassels wins face-off versus Cole Smith in Islanders zone.
2:53 of 3rd period - Slapshot by Jack Dougherty.
2:53 of 3rd period - Shot Blocked by Jack Studnicka.
2:55 of 3rd period - Wrist shot by Jack Dougherty.
2:55 of 3rd period - Deflect By Grigori Denisenko.
2:55 of 3rd period - Shot Blocked by Kris Russell.
2:55 of 3rd period - Puck is out of play.
2:56 of 3rd period - Steven Fogarty wins face-off versus Riley Nash in Monsters zone.
3:01 of 3rd period - Wrist shot by Jordy Bellerive.
3:01 of 3rd period - Stopped by Brian Elliott with a rebound.
3:03 of 3rd period - Backhand shot by Steven Fogarty.
3:03 of 3rd period - Shot Misses the Net.
3:44 of 3rd period - Snap shot by Kris Russell.
3:44 of 3rd period - Shot Misses the Net.
3:48 of 3rd period - Snap shot by Matthew Phillips.
3:48 of 3rd period - Stopped by Hugo Alnefelt without a rebound.
3:49 of 3rd period - Matthew Phillips wins face-off versus Cole Cassels in Islanders zone.
3:50 of 3rd period - Snap shot by Riley Nash.
3:50 of 3rd period - Stopped by Hugo Alnefelt without a rebound.
3:51 of 3rd period - Cole Cassels wins face-off versus Matthew Phillips in Islanders zone.
3:51 of 3rd period - Cole Cassels is hit by Wyatt Kalynuk.
3:59 of 3rd period - Slapshot by Libor Hajek.
3:59 of 3rd period - Stopped by Brian Elliott with a rebound.
4:07 of 3rd period - Wrist shot by Cole Cassels.
4:07 of 3rd period - Shot Misses the Net.
4:11 of 3rd period - Snap shot by Ryan Schmelzer.
4:11 of 3rd period - Stopped by Brian Elliott with a rebound.
4:13 of 3rd period - Slapshot by Libor Hajek.
4:13 of 3rd period - Shot Blocked by Jacob Larsson.
4:15 of 3rd period - Snap shot by Jack Dougherty.
4:15 of 3rd period - Shot Misses the Net.
4:17 of 3rd period - Slapshot by Jakub Galvas.
4:17 of 3rd period - Stopped by Brian Elliott with a rebound.
4:21 of 3rd period - Wrist shot by Cole Cassels.
4:21 of 3rd period - Stopped by Brian Elliott with a rebound.
4:23 of 3rd period - Wrist shot by Grigori Denisenko.
4:23 of 3rd period - Shot Misses the Net.
4:39 of 3rd period - Wrist shot by Cole Cassels.
4:39 of 3rd period - Shot Blocked by Riley Nash.
4:41 of 3rd period - Slapshot by Mitchell Vande Sompel.
4:41 of 3rd period - Shot Blocked by Matthew Phillips.
4:43 of 3rd period - Slapshot by Ryan Schmelzer.
4:43 of 3rd period - Stopped by Brian Elliott with a rebound.
4:45 of 3rd period - Backhand shot by Ryan Schmelzer.
4:45 of 3rd period - Stopped by Brian Elliott with a rebound.
4:47 of 3rd period - Snap shot by Jakub Galvas.
4:47 of 3rd period - Deflect By Gabriel Fortier.
4:47 of 3rd period - Stopped by Brian Elliott without a rebound.
4:48 of 3rd period - Jack Studnicka wins face-off versus Alexander Nylander in Monsters zone.
5:01 of 3rd period - Snap shot by Jack Studnicka.
5:01 of 3rd period - Deflect By Cole Smith.
5:01 of 3rd period - Stopped by Hugo Alnefelt without a rebound.
5:02 of 3rd period - Cole Smith wins face-off versus Alexander Nylander in Islanders zone.
5:03 of 3rd period - Wrist shot by Jack Studnicka.
5:03 of 3rd period - Shot Blocked by Libor Hajek.
5:05 of 3rd period - Slapshot by Kris Russell.
5:05 of 3rd period - Shot Blocked by Steven Fogarty.
5:07 of 3rd period - Snap shot by Ryan Dzingel.
5:07 of 3rd period - Stopped by Hugo Alnefelt without a rebound.
5:08 of 3rd period - Cole Smith wins face-off versus Alexander Nylander in Islanders zone.
5:09 of 3rd period - Snap shot by Jack Studnicka.
5:09 of 3rd period - Stopped by Hugo Alnefelt without a rebound.
5:10 of 3rd period - Jack Studnicka wins face-off versus Alexander Nylander in Islanders zone.
5:11 of 3rd period - Wrist shot by Cole Smith.
5:11 of 3rd period - Shot Blocked by Libor Hajek.
5:13 of 3rd period - Snap shot by Cole Smith.
5:13 of 3rd period - Stopped by Hugo Alnefelt with a rebound.
5:15 of 3rd period - Snap shot by Jack Ahcan.
5:15 of 3rd period - Stopped by Hugo Alnefelt without a rebound.
5:16 of 3rd period - Steven Fogarty wins face-off versus Riley Nash in Islanders zone.
5:27 of 3rd period - Slapshot by Dylan Guenther.
5:27 of 3rd period - Shot Misses the Net.
5:29 of 3rd period - Slapshot by Nick Perbix.
5:29 of 3rd period - Shot Blocked by Seth Helgeson.
5:41 of 3rd period - Seth Helgeson is hit by Cole Smith and loses puck.
5:56 of 3rd period - Matthew Phillips is hit by Matt Coronato and loses puck.
6:01 of 3rd period - Wrist shot by Alexander Nylander.
6:01 of 3rd period - Shot Blocked by Kris Russell.
6:24 of 3rd period - Slapshot by Nick Perbix.
6:24 of 3rd period - Shot Misses the Net.
6:26 of 3rd period - Slapshot by Nick Perbix.
6:26 of 3rd period - Stopped by Hugo Alnefelt with a rebound.
6:28 of 3rd period - Wrist shot by Marco Rossi.
6:28 of 3rd period - Stopped by Hugo Alnefelt with a rebound.
6:38 of 3rd period - Jack Studnicka is hit by Steven Fogarty and loses puck.
7:01 of 3rd period - Grigori Denisenko is hit by Ryan Dzingel and loses puck.
8:50 of 3rd period - Minor Penalty to Brandon Gignac for Hooking.
8:51 of 3rd period - Riley Nash wins face-off versus Matt Coronato in Islanders zone.
8:53 of 3rd period - Wrist shot by Cole Smith.
8:53 of 3rd period - Stopped by Hugo Alnefelt with a rebound.
8:55 of 3rd period - Slapshot by Riley Nash.
8:55 of 3rd period - Stopped by Hugo Alnefelt with a rebound.
8:57 of 3rd period - Snap shot by Riley Nash.
8:57 of 3rd period - Shot Blocked by Seth Helgeson.
8:59 of 3rd period - Slapshot by Cole Smith.
8:59 of 3rd period - Shot Blocked by Seth Helgeson.
9:26 of 3rd period - Snap shot by Riley Nash.
9:26 of 3rd period - Shot Misses the Net.
9:28 of 3rd period - Slapshot by Wyatt Kalynuk.
9:28 of 3rd period - Shot Misses the Net.
9:30 of 3rd period - Slapshot by Wyatt Kalynuk.
9:30 of 3rd period - Shot Blocked by Jack Dougherty.
10:31 of 3rd period - Snap shot by Grigori Denisenko.
10:31 of 3rd period - Stopped by Brian Elliott with a rebound.
10:50 of 3rd period - Penalty to Brandon Gignac is over, Brandon Gignac is back on ice.
11:15 of 3rd period - Off-side.
11:16 of 3rd period - Matthew Phillips wins face-off versus Alexander Nylander in neutral zone.
11:23 of 3rd period - Snap shot by Jack Studnicka.
11:23 of 3rd period - Shot Blocked by Alexander Nylander.
11:25 of 3rd period - Slapshot by Wyatt Kalynuk.
11:25 of 3rd period - Shot Misses the Net.
11:35 of 3rd period - Steven Fogarty is hit by Marco Rossi and loses puck.
11:50 of 3rd period - Mitchell Vande Sompel is hit by Jack Ahcan and loses puck.
12:05 of 3rd period - Cole Cassels is hit by Wyatt Kalynuk and loses puck.
13:27 of 3rd period - Slapshot by Alexander Nylander.
13:27 of 3rd period - Stopped by Brian Elliott without a rebound.
13:28 of 3rd period - Jack Studnicka wins face-off versus Alexander Nylander in Monsters zone.
13:46 of 3rd period - Kris Russell is hit by Alexander Nylander and loses puck.
13:57 of 3rd period - Slapshot by Nick Perbix.
13:57 of 3rd period - Stopped by Hugo Alnefelt with a rebound.
13:59 of 3rd period - Slapshot by Kris Russell.
13:59 of 3rd period - Stopped by Hugo Alnefelt with a rebound.
14:01 of 3rd period - Snap shot by Aleksi Heponiemi.
14:01 of 3rd period - Stopped by Hugo Alnefelt with a rebound.
14:03 of 3rd period - Slapshot by Nick Perbix.
14:03 of 3rd period - Shot Blocked by Mitchell Vande Sompel.
14:05 of 3rd period - Wrist shot by Dylan Guenther.
14:05 of 3rd period - Shot Misses the Net.
14:37 of 3rd period - Ryan Dzingel is hit by Jakub Galvas and loses puck.
14:46 of 3rd period - Jack Dougherty is hit by Cole Smith and loses puck.
14:59 of 3rd period - Snap shot by Cole Smith.
14:59 of 3rd period - Shot Misses the Net.
15:01 of 3rd period - Snap shot by Cole Smith.
15:01 of 3rd period - Goal by Cole Smith - Monsters : 3 - Islanders : 0.
15:02 of 3rd period - Steven Fogarty wins face-off versus Matthew Phillips in neutral zone.
15:25 of 3rd period - Alexander Nylander is hit by Kris Russell and loses puck.
15:49 of 3rd period - Minor Penalty to Cole Smith for Hooking.
15:50 of 3rd period - Aleksi Heponiemi wins face-off versus Alexander Nylander in Monsters zone.
16:22 of 3rd period - Alexander Nylander is hit by Aleksi Heponiemi and loses puck.
16:41 of 3rd period - Wrist shot by Joe Snively.
16:41 of 3rd period - Shot Misses the Net.
17:49 of 3rd period - Penalty to Cole Smith is over, Cole Smith is back on ice.
19:17 of 3rd period - Seth Helgeson is hit by Jacob Larsson and loses puck.
Goals for this period are 1 for Monsters vs 0 for Islanders.
Shots for this period are 15 for Monsters vs 11 for Islanders.